 Dungeon Crawl Stone Soup version 0.27-a0-1105-g946c659c87 (webtiles) character file.

Game seed: 200951473162595047

271 Sobieck the Poker (level 6, -5/48 HPs)
             Began as a Merfolk Fighter on Apr 30, 2021.
             Was an Initiate of Okawaru.
             Slain by Sigmund
             ... wielding a +2 vorpal scythe
              (9 damage)
             ... on level 2 of the Dungeon.
             The game lasted 00:09:01 (3169 turns).

Sobieck the Poker (Merfolk Fighter)                 Turns: 3169, Time: 00:09:01

Health: -5/48      AC:  8    Str: 16    XL:     6   Next: 23%
Magic:  6/6        EV:  8    Int:  7    God:    Okawaru [......]
Gold:   178        SH:  0    Dex: 16    Spells: 5/5 levels left

rFire    . . .     SeeInvis .   a - +1 trident {polearm}
rCold    . . .     Faith    .   c - +0 kite shield
rNeg     . . .     Spirit   .   b - +0 scale mail
rPois    .         Reflect  .   o - +0 helmet
rElec    .         Harm     .   (no cloak)
rCorr    .         Rampage  .   (no gloves)
Will     .....                  p - +0 pair of boots
Stlth    ..........             (no amulet)
HPRegen  0.16/turn              (no ring)
MPRegen  0.10/turn              (no ring)

@: confused, mighty
A: (nimble swimmer 2), mertail
a: Renounce Religion


You were on level 2 of the Dungeon.
You worshipped Okawaru.
Okawaru was noncommittal.
You visited 2 branches of the dungeon, and saw 7 of its levels.

You collected 178 gold pieces.


Innate Abilities, Weirdness & Mutations

((You are quick and stealthy near water. (Stealth+, EV+, Speed+++)))
Your lower body shifts to a powerful aquatic tail in water.


   Skills:
 - Level 4.0 Fighting
 + Level 7.9 Polearms
 - Level 2.1 Armour
 - Level 3.0 Dodging
 - Level 3.0 Shields


You had 5 spell levels left.
You didn't know any spells.
Your spell library contained the following spells:

 Spells                   Type           Power      Damage    Failure   Level
 Bolt of Magma            Conj/Fire/Erth 0%         4d4       100%        5
 Iskenderun's Battlesphe  Conj           0%         2d6       100%        5
 Iron Shot                Conj/Erth      0%         9d1       100%        6
 Orb of Destruction       Conj           0%         N/A       100%        7
 Spellforged Servitor     Conj/Summ      0%         N/A       100%        7

Inventory:

Hand Weapons
 a - a +1 trident (weapon) {polearm}
 h - a +1 dagger of protection {short}
   (You took it off a goblin on level 1 of the Dungeon)
 k - a +1 dagger of flaming {short}
   (You took it off a kobold on level 3 of the Dungeon)
 n - a +0 dagger {short}
   (You took it off a goblin on level 4 of the Dungeon)
 r - a +3 mace of protection {mace}
   (You found it on level 3 of the Dungeon)
Missiles
 f - 124 stones (quivered) {throwing}
 i - 25 sling bullets
 j - 63 arrows
 t - 14 poisoned darts {throwing}
Armour
 b - a +0 scale mail (worn)
 c - a +0 kite shield (worn)
 o - a +0 helmet (worn)
   (You took it off Robin on level 4 of the Dungeon)
 p - a +0 pair of boots (worn)
   (You found it on level 4 of the Dungeon)
Scrolls
 e - a scroll of vulnerability {unknown}
 s - a scroll of fog {unknown}
 u - a scroll of enchant weapon
 w - a scroll of identify {@r1}
Potions
 g - a potion of brilliance
 l - a potion of curing {unknown}
 q - a potion of lignification {unknown}
 v - a potion of degeneration {unknown}

Dungeon Overview and Level Annotations

Branches:
Dungeon (6/15)             Temple (1/1) D:6

Altars:
Ashenzari
Cheibriados
Dithmenos
Elyvilon
Fedhas
Gozag
Kikubaaqudgha
Makhleb
Okawaru
Qazlal
Sif Muna
Uskayaw
Vehumet
Xom
Yredelemnul
Zin
The Shining One

Shops:
D:1 :

Annotations:
D:2 Sigmund

#.#
###..#.###.......##
#.###......#
##.....##
#........###
##...## #####.####
##+## #.# #.# #.#
#.##########.
#.@{(........
##########.#.


There were no monsters in sight!


Message History

You take 8 damage, and now have 39/48 hp.
You feel less confused.
You reach to attack!
You closely miss Sigmund. Sigmund barely misses you.
You reach to attack!
You closely miss Sigmund. Sigmund gestures at you while chanting.
You resist with some effort.
You reach to attack!
Your shield and scale mail prevent you from hitting Sigmund.
Sigmund closely misses you. You block Sigmund's attack. 😕 HP[+1]
You reach to attack!
You hit Sigmund but do no damage. Sigmund gestures at you while chanting.
The magic dart hits you but does no damage.
You reach to attack!
You hit Sigmund. Sigmund barely misses you.
You reach to attack!
You hit Sigmund. Sigmund gestures at you while chanting.
You resist with some effort.
You reach to attack!
You puncture Sigmund! Sigmund barely misses you.
You reach to attack!
You closely miss Sigmund. You block Sigmund's attack.
You reach to attack!
You hit Sigmund but do no damage. Sigmund closely misses you. 😕 HP[+1]
You reach to attack!
You hit Sigmund but do no damage.
Sigmund hits you from afar with a +2 vorpal scythe!
Sigmund hits you from afar with a +2 vorpal scythe. 😮 HP[-16]
You take 16 damage, and now have 25/48 hp.
MASSIVE DAMAGE!! (PAUSE) Reach: a) +1 trident {polearm}
Press: ? - help, Dir - move target, f/p - Sigmund
Aim: Sigmund, wielding a +2 vorpal scythe and wearing a +2 robe of positive energy (severely wounded, about 38% to evade your +1 trident)
You reach to attack!
You barely miss Sigmund.
Sigmund points at you and mumbles some strange words.
You are confused.
Sigmund hits you but does no damage.
Sigmund hits you from afar with a +2 vorpal scythe.
* * * LOW HITPOINT WARNING * * *
x2 😨 HP[-7]
You take 7 damage, and now have 18/48 hp.
Sigmund hits you from afar with a +2 vorpal scythe.
* * * LOW HITPOINT WARNING * * *
x2 😨 HP[-3]
You take 3 damage, and now have 15/48 hp.
Sigmund barely misses you. 😨 HP[+1] Sigmund barely misses you.
It was a potion of heal wounds.
You feel much better.
You feel less confused.
Sigmund hits you but does no damage. 😮 HP[+16]
You regained 16 hp, and now have 32/48 hp.
Reach: a) +1 trident {polearm}
Press: ? - help, Dir - move target, f/p - Sigmund
Aim: Sigmund, wielding a +2 vorpal scythe and wearing a +2 robe of positive energy (severely wounded, about 38% to evade your +1 trident)
You reach to attack!
You closely miss Sigmund. Sigmund hits you but does no damage.
You are too injured to fight recklessly!
You are too injured to fight recklessly!
Reach: a) +1 trident {polearm}
Press: ? - help, Dir - move target, f/p - Sigmund
Aim: Sigmund, wielding a +2 vorpal scythe and wearing a +2 robe of positive energy (severely wounded, about 39% to evade your +1 trident)
You reach to attack!
You hit Sigmund but do no damage. You block Sigmund's attack.
Sigmund gestures at you while chanting.
You are confused.
You feel very mighty all of a sudden. Sigmund closely misses you. 😮 HP[+1]
You feel much better.
Sigmund hits you with a +2 vorpal scythe! 😮 HP[+3]
You regained 3 hp, and now have 36/48 hp.
Unknown command.
Sigmund hits you from afar with a +2 vorpal scythe!
* * * LOW HITPOINT WARNING * * *
😨 HP[-12]
You take 12 damage, and now have 24/48 hp.
MASSIVE DAMAGE!! (PAUSE)
You bump into the rock wall.
Sigmund points at you and mumbles some strange words.
You are more confused.
You bump into the rock wall.
Sigmund hits you from afar with a +2 vorpal scythe!
* * * LOW HITPOINT WARNING * * *
x2 😨 HP[-10]
You take 10 damage, and now have 14/48 hp.
MASSIVE DAMAGE!! (PAUSE)
You bump into the rock wall.
Sigmund points at himself and mumbles some strange words.
Sigmund flickers and vanishes!
Deactivating autopickup; reactivate with Ctrl-A.
You bump into the rock wall.
Something hits you but does no damage. 😨 HP[+1]
Something hits you!
* * * LOW HITPOINT WARNING * * *
x2 😱 HP[-11]
You take 11 damage, and now have 4/48 hp.
MASSIVE DAMAGE!! (PAUSE)
You bump into the rock wall.
Something hits you!
You die...

Skill      XL: |  1  2  3  4  5 |
---------------+----------------+-----
Dodging        | 1 2 3 |  3.0
Fighting       | 4 |  4.0
Polearms       | 4 5 7 |  7.9
Armour         | |  2.1
Shields        | |  3.0

Action                   |  1- 3 |  4- 6 || total
-------------------------+-------+-------++-------
Melee: Trident           |    78 |   202 ||   280
Throw: Stone             |     7 |    17 ||    24
  Use: Scroll            |       |     3 ||     3
       Potion            |       |     3 ||     3
Armor: Scale mail        |    33 |    57 ||    90
Dodge: Dodged            |    32 |    56 ||    88
Block: Kite shield       |    42 |    80 ||   122

Levels and vault maps discovered:
D:1:      dpeg_arrival_three_same_balls, layout_basic, serial_shops, shop
D:2:      layout_loops_corners, serial_undead, serial_undead_c, serial_undead_c,
          serial_undead_c, serial_undead_d, serial_undead_e, serial_undead_a,
          uniq_sigmund
D:3:      layout_loops_ring, nicolae_overflow_crystal_walls,
          minmay_misc_feat_chi, minmay_cut_off
D:4:      layout_basic, kennysheep_mini, uniq_robin
D:5:      layout_basic, nicolae_ru_great_annihilating_truth
D:6:      layout_gridville, minmay_temple_entry_antechambers
Temple:   nicolae_temple_no_exploring_needed

Notes
Turn   | Place    | Note
-------+----------+-------------------------------------------
     0 | D:1      | Sobieck the Merfolk Fighter began the quest for the Orb.
     0 | D:1      | Reached XP level 1. HP: 18/18 MP: 1/1
     0 | D:1      | magus.rc [v1.9.6]
    85 | D:1      | Found Eshuhoq's Book Shop.
   105 | D:1      | Reached skill level 1 in Dodging
   133 | D:1      | Reached XP level 2. HP: 24/24 MP: 2/2
   432 | D:2      | Reached skill level 4 in Fighting
   432 | D:2      | Reached skill level 4 in Polearms
   432 | D:2      | Reached skill level 2 in Dodging
   432 | D:2      | Reached XP level 3. HP: 20/30 MP: 3/3
   832 | D:2      | Reached XP level 4. HP: 34/37 MP: 4/4
  1113 | D:4      | Noticed Robin
  1127 | D:4      | Reached skill level 3 in Dodging
  1136 | D:4      | Killed Robin
  1137 | D:4      | Reached skill level 5 in Polearms
  1272 | D:5      | Entered Level 5 of the Dungeon
  1352 | D:4      | Reached XP level 5. HP: 30/42 MP: 5/5
  1458 | D:3      | Reached skill level 6 in Polearms
  1609 | D:4      | Reached skill level 7 in Polearms
  1707 | D:4      | Reached XP level 6. HP: 47/48 MP: 6/6
  1943 | D:3      | Found a blossoming altar of Fedhas.
  2028 | D:4      | Found a shimmering blue altar of Sif Muna.
  2089 | D:4      | You pick up a book of Power and begin reading...
  2089 | D:4      | You add the spells Iskenderun's Battlesphere, Bolt of
                  | Magma, Iron Shot, Orb of Destruction and Spellforged
                  | Servitor to your library.
  2155 | D:4      | You fall into a shaft and drop 2 floors!
  2184 | D:6      | Found a staircase to the Ecumenical Temple.
  2193 | Temple   | Entered the Ecumenical Temple
  2200 | Temple   | Became a worshipper of Warmaster Okawaru
  2225 | D:5      | Noticed a necrophage
  3129 | D:2      | Noticed Sigmund
  3168 | D:2      | HP: 7/48 [something (8)]
  3169 | D:2      | Slain by Sigmund

Vanquished Creatures
  A hound (D:2)
  A jelly (D:4)
  A centaur skeleton (D:4)
  An iguana (D:4)
  A hound skeleton (D:4)
  Robin (D:4)
  3 adders
  An ufetubus (D:4)
  An adder zombie (D:2)
  2 adder skeletons
  A worm (D:5)
  4 dart slugs
  7 orcs
  7 bats
  2 endoplasms
  2 giant cockroaches (D:1)
  9 hobgoblins
  2 jackals (D:2)
  4 kobolds
  3 quokkas
  8 ball pythons
  10 goblins
  3 rats
75 creatures vanquished.

Table legend:
 A = Non-vault XP
 B = Vault XP
 C = Vault XP percentage of total XP
 D = Non-vault monster count
 E = Vault monster count
 F = Vault count percentage of total count
                 A         B        C        D         E       F
            +---------+---------+-------+---------+---------+-------
      Total |     335 |      53 |  13.7 |      58 |      17 |  22.7
            +---------+---------+-------+---------+---------+-------
        D:1 |      40 |       0 |   0.0 |      23 |       0 |   0.0
        D:2 |      59 |      11 |  15.7 |      11 |       2 |  15.4
        D:3 |      43 |       7 |  14.0 |       8 |       4 |  33.3
        D:4 |     185 |      35 |  15.9 |      14 |      11 |  44.0
        D:5 |       8 |       0 |   0.0 |       2 |       0 |   0.0
            +---------+---------+-------+---------+---------+-------

Illustrated notes

Table legend:
 A = Kills in this place as a percentage of kills in entire the game.
 B = Kills by you in this place as a percentage of kills by you in the entire game.
 C = Kills by friends in this place as a percentage of kills by friends in the entire game.
 D = Other kills in this place as a percentage of other kills in the entire game.
 E = Experience gained in this place as a percentage of experience gained in the entire game.
 F = Experience gained in this place divided by the number of levels of this place that you have seen.
                   A       B       C       D       E      F
               +-------+-------+-------+-------+-------+----------------------
         Total | 100.0 | 100.0 |   N/A |   N/A | 100.0 |  55.4
       Dungeon | 100.0 | 100.0 |   N/A |   N/A | 100.0 |  64.7
               +-------+-------+-------+-------+-------+----------------------

Table legend: (Time is in decaauts)
 A = Elapsed time spent in this place.
 B = Non-inter-level travel time spent in this place.
 C = Inter-level travel time spent in this place.
 D = Time resting spent in this place.
 E = Time spent auto-exploring this place.
 F = Levels seen in this place.
 G = Mean time per level.
                   A        B        C        D        E       F      G
               +--------+--------+--------+--------+--------+-----+--------+
         Total |   3266 |   2968 |    298 |    426 |   1750 |   7 |  466.6 |
       Dungeon |   3252 |   2961 |    291 |    426 |   1750 |   6 |  542.0 |
        Temple |     14 |      7 |      7 |      0 |      0 |   1 |   14.0 |
               +--------+--------+--------+--------+--------+-----+--------+

Top non-repeatable levels by time:
     D:4: 1152 daAuts
     D:2: 924 daAuts
     D:1: 766 daAuts
     D:3: 277 daAuts
     D:5: 75 daAuts
     D:6: 55 daAuts
  Temple: 14 daAuts
